 Dungeon Crawl Stone Soup version 0.22-a0-282-gdd34a7d (webtiles) character file.

318773 vishdafish the Sharpshooter (level 22, -4/169 HPs)
             Began as a Formicid Hunter on Mar 17, 2018.
             Was the Champion of the Shining One.
             Killed by the air
             ... invoked by Sojobo
              (38 damage)
             ... on level 1 of the Depths.
             The game lasted 02:33:19 (42113 turns).

vishdafish the Sharpshooter (Formicid Hunter)      Turns: 42113, Time: 02:33:20

Health: -4/169     AC: 24    Str: 23    XL:     22   Next: 81%
Magic:  25/32      EV: 18    Int: 23    God:    the Shining One [******]
Gold:   2617       SH: 23    Dex: 18    Spells: 28/35 levels left

rFire    + . .     SeeInvis +   c - +8 battleaxe of vishdafish's Woe {elec, rElec rPois Dex+5}
rCold    + . .     Gourm    .   U - +0 large shield {AC+3}
rNeg     + + +     Faith    .   T - +3 plate armour of Fun and Games {rC- rN+ Int+5}
rPois    +         Spirit   .   (helmet unavailable)
rElec    +         Reflect  +   o - scarf {rC+ rF+}
rCorr    .         Harm     .   Q - +0 pair of gloves {Str+3}
MR       +++..                  q - +0 pair of boots
Stlth    ..........             N - +2 amulet of reflection
HPRegen  0.78/turn              X - ring of the Secret Wishes {rPois rC+ rN+ EV+3 Stlth-}
MPRegen  0.23/turn              p - +6 ring of slaying

@: flying (expiring), glowing
A: permanent stasis, dig shafts and tunnels, four strong arms, antennae 3,
talons 1, agile 1, deterioration 1, magic resistance 1, regeneration 1
}: 1/15 runes: serpentine
a: Dig, Shaft Self, Divine Shield, Cleansing Flame, Summon Divine Warrior, Brand
Weapon With Holy Wrath, Renounce Religion


You were on level 1 of the Depths.
You worshipped the Shining One.
The Shining One was exalted by your worship.
You were not hungry.

You visited 8 branches of the dungeon, and saw 34 of its levels.
You visited the Abyss 1 time.
You also visited: Desolation.

You collected 3856 gold pieces.
You spent 1202 gold pieces at shops.
You donated 37 gold pieces to Zin.

Inventory:

Hand Weapons
 a - a +1 battleaxe of flaming
 c - the +8 battleaxe of vishdafish's Woe (weapon) {elec, rElec rPois Dex+5}
   (You found it on level 2 of the Lair of Beasts)

   Occasionally, upon striking a foe, it will discharge some electrical energy
   and cause terrible harm.
   It affects your dexterity (+5).
   It insulates you from electricity.
   It protects you from poison.
 Y - a +2 arbalest of flaming
Missiles
 d - 1624 bolts
 P - a throwing net (quivered)
Armour
 o - a scarf of resistance (worn)
 q - a +0 pair of boots (worn)
 Q - a +0 pair of gloves of strength (worn)
 T - the +3 plate armour of Fun and Games (worn) {rC- rN+ Int+5}
   (You found it in the Desolation of Salt)

   It affects your intelligence (+5).
   It makes you vulnerable to cold.
   It protects you from negative energy.
 U - a +0 large shield of protection (worn)
Jewellery
 p - a +6 ring of slaying (right hand)
 z - an uncursed ring of wizardry
 F - the amulet of Fuckiw {Gourm rC+ Int+2 Slay+2}
   (You found it on level 1 of the Snake Pit)

   [amulet of the gourmand]

   It allows you to eat raw meat even when not hungry.
   It affects your intelligence (+2).
   It affects your accuracy and damage with ranged weapons and melee attacks
   (+2).
   It protects you from cold.
 N - a +2 amulet of reflection (around neck)
 X - the ring of the Secret Wishes (left hand) {rPois rC+ rN+ EV+3 Stlth-}
   (You found it on level 6 of the Lair of Beasts)

   [ring of evasion]

   It affects your evasion (+3).
   It protects you from cold.
   It protects you from poison.
   It protects you from negative energy.
   It makes you less stealthy.
Wands
 e - a wand of paralysis (25)
 n - a wand of iceblast (35)
 y - a wand of flame (146)
 B - a wand of enslavement (13)
 E - a wand of acid (15)
 I - a wand of digging (14)
 J - a wand of polymorph (62)
 M - a wand of disintegration (13)
 O - a wand of scattershot (13)
Scrolls
 b - 16 scrolls of remove curse
 g - 2 scrolls of silence
 i - 8 scrolls of magic mapping
 j - 3 scrolls of holy word
 l - 4 scrolls of enchant weapon
 A - 3 scrolls of immolation
 C - 6 scrolls of enchant armour
 G - 3 scrolls of fog
 H - 3 scrolls of fear
 L - 2 scrolls of vulnerability
 R - 2 scrolls of amnesia
 V - 3 scrolls of torment
 W - 2 scrolls of acquirement
 Z - a scroll of brand weapon {unknown}
Potions
 h - 4 potions of agility
 k - a potion of heal wounds
 r - 3 potions of brilliance
 s - 3 potions of mutation
 t - 3 potions of lignification
 u - 3 potions of ambrosia
 v - 11 potions of curing
 w - 12 potions of flight
 x - a potion of magic
 D - 2 potions of cancellation
 K - a potion of might
 S - a potion of resistance
Comestibles
 f - 42 rations


   Skills:
 - Level 13.1 Fighting
   Level 0.6 Short Blades
 - Level 15.5 Axes
 - Level 16.3 Crossbows
 - Level 11.0 Armour
 - Level 14.0 Dodging
 - Level 1.2 Stealth
 - Level 16.0 Shields
 - Level 7.0 Spellcasting
 * Level 10.7 Hexes
 - Level 6.6 Summonings
 * Level 8.3 Translocations
 - Level 13.1 Invocations


You had 28 spell levels left.
You knew the following spells:

 Your Spells              Type           Power        Failure   Level  Hunger
a - Summon Lightning Spi  Summ/Air       ###.....     91%         4    ###....
b - Portal Projectile     Hex/Tloc       ######       5%          3    None


Dungeon Overview and Level Annotations

Branches:
Dungeon (15/15)            Temple (1/1) D:5            Lair (6/6) D:11
 Shoals (0/4) Lair:2        Snake (4/4) Lair:4        Slime (0/5) Lair:6
    Orc (2/2) D:10            Elf (1/3) Orc:2        Vaults (4/5) D:13
  Crypt (0/3) Vaults:3     Depths (1/5) D:15

Altars:
Ashenzari
Cheibriados
Dithmenos
Elyvilon
Fedhas
Gozag
Hepliaklqana
Kikubaaqudgha
Makhleb
Nemelex Xobeh
Okawaru
Qazlal
Ru
Sif Muna
Trog
Uskayaw
Vehumet
Wu Jian
Xom
Yredelemnul
Zin
The Shining One
Beogh
Jiyva

Shops:
D:7 !=![   D:8 !   D:13 *   Orc:2 *(![   Vaults:2 }

Portals:
Hell: Depths:1
Trove: D:12 (give +3 storm dragon scales)

Annotations:
Depths:1 Sojobo


Innate Abilities, Weirdness & Mutations

You cannot be hasted, slowed, berserked, paralysed or teleported.
You can dig through walls and to a lower floor.
Your four strong arms can wield two-handed weapons with a shield.
You have a pair of large antennae on your head. (SInv)
You have sharp toenails.
You are agile. (Dex +2)
Your body sometimes deteriorates upon taking damage.
You are resistant to hostile enchantments. (MR+)
Your natural rate of healing is unusually fast.


Message History

You block the air elemental's attack. The air elemental barely misses you.
The air elemental misses you.
Press: ? - help, v - describe, . - travel
Here: Sojobo, wielding a great sword of protection and wearing a runed scale mail (raging winds, water, severely wounded, deflecting missiles, haloed) Some deep water.
Okay, then.
You feel somewhat more hungry.
You are engulfed in raging winds.
The air elemental barely misses you.
You block the air elemental's attack. x3
The air elemental hits you but does no damage. x2
You block the air elemental's attack. The air elemental closely misses you.
Okay, then.
You slash Sojobo! Lightning courses through Sojobo!
Sojobo is almost dead.
You slash the air elemental! You hit the air elemental.
You slash the air elemental!
You are engulfed in raging winds.
You block the air elemental's attack. The air elemental misses you. x2
The air elemental completely misses you.
Sojobo waves her feathered arms in wide circles.
The air twists around and violently strikes you in flight!
You die...

###.......#....###..#...###
#######'#...#.....#....'.
#........#.....#....#.
##......§§.....#....#.
##.§§§§§≈≈≈≈..#'.###.
#§§.≈≈#####≈≈.....#..
###...≈## #∩≈.....#..
###.#..QE## ##≈....##'#
#...#.§.@E# ##≈.####.^#
#...))..≈E#####≈≈.......÷
#...##§§..≈§§≈≈≈≈.........
#####.....................
#..#'#.........#.......
#####..##...##..##......
+..+....##.##....##.....
#..#'#...#.#......#.....
#....#####+#......#.....


You could see Sojobo and 3 air elementals.

Vanquished Creatures
  Bai Suzhen (Vaults:3)
  Saint Roka (Vaults:1)
  Nikola (Snake:3)
  A tentacled monstrosity (Vaults:4)
  Asterion (Depths:1)
  An Executioner (Abyss:2)
  Kirke (D:15)
  2 tengu reavers (Depths:1)
  8 nagarajas
  8 vault wardens
  2 frost giants
  2 imperial myrmidons (Desolation)
  2 fire giants
  A cacodemon (Abyss:2)
  4 stone giants
  9 ironheart preservers
  A vampire knight (Vaults:3)
  An entropy weaver (Vaults:4)
  2 deep elf demonologists
  2 halazid warlocks (Desolation)
  2 deep elf annihilators
  Azrael (Orc:2)
  3 crystal guardians
  The ghost of Duffy the Protected, a journeyman FoWn of Cheibriados (D:14)
  Snorg (Orc:2)
  A fire dragon (Depths:1)
  7 ragged hierophants (Desolation)
  Josephine (D:10)
  The ghost of namelastname112 the Grappler, a journeyman DrWn of Wu Jian (D:12)
  8 yaktaur captains
  6 hydras
  6 servants of whispers (Desolation)
  5 ice dragons
  4 great orbs of eyes
  16 naga warriors
  15 vault guards
  A rakshasa (Vaults:1)
  7 peacekeepers
  14 anacondas
  A merfolk avatar (Lair:6)
  10 centaur warriors
  The ghost of Tovarisch the Martial Artist, a journeyman GnTm of Gozag (Lair:1)
  8 death yaks
  A tengu warrior (Depths:1)
  5 dancing weapons
  7 ogre magi
  4 deep troll shamans (Depths:1)
  3 deep troll earth magi (Depths:1)
  19 two-headed ogres
  6 orc high priests
  A vampire mage (Vaults:2)
  11 shock serpents
  11 naga sharpshooters
  The ghost of vishdafish the Cudgeler, a novice TrHu of Yredelemnul (D:8)
  11 deep elf knights
  A soul eater (Snake:3)
  Sonja (D:15)
  5 hell knights (Abyss:2)
  2 shadow wraiths
  5 deep trolls (Depths:1)
  A sea snake (Lair:6)
  2 salamander mystics
  A sixfirhy (Abyss:2)
  2 glowing orange brains
  3 flayed ghosts
  4 unseen horrors
  2 large abominations (Abyss:2)
  2 wizards
  A tengu zombie (Vaults:1)
  15 orc knights
  4 naga ritualists
  19 ironbrand convokers
  5 deep elf archers
  4 harpies (Vaults:4)
  A wolf spider zombie (D:15)
  8 necromancers
  30 deep elf magi
  7 mana vipers
  12 cyclopes
  12 salamanders
  26 ugly things
  3 wolf spiders
  2 manticores
  2 orc sorcerers
  8 elephants
  41 black mambas
  An ice statue (D:14)
  2 guardian serpents
  A guardian serpent (shapeshifter) (Depths:1)
  7 vault sentinels
  12 spiny frogs
  2 gargoyles
  A molten gargoyle (Desolation)
  18 naga magi
  A torpor snail (Lair:6)
  12 komodo dragons
  5 freezing wraiths
  4 rime drakes
  34 yaktaurs
  A redback zombie (D:15)
  A yaktaur skeleton (Vaults:1)
  A queen bee (shapeshifter) (Vaults:1)
  8 trolls
  A wind drake (Lair:6)
  4 polar bears
  The ghost of zero the Covert, a novice SpEn (D:4)
  Prince Ribbit (D:6)
  2 hornets
  9 slime creatures
  2 raiju (Abyss:2)
  A hornet (shapeshifter) (D:15)
  51 saltlings (Desolation)
  19 blink frogs
  A snapping turtle (shapeshifter) (Vaults:1)
  18 dream sheep
  A raiju (shapeshifter) (Depths:1)
  An ettin zombie (Vaults:1)
  9 hippogriffs
  The ghost of Duffy the Conjurer, an amateur OpFE (D:3)
  A shadow (D:15)
  4 redbacks (Vaults:4)
  A spriggan (D:10)
  A ynoxinul (Abyss:2)
  Sigmund (D:2)
  2 spriggans (shapeshifter)
  32 yaks
  A yak (shapeshifter) (Vaults:4)
  13 wraiths
  A vampire (D:14)
  6 fire bats
  Eustachio (D:4)
  An air elemental (Elf:1)
  4 hogs
  3 wyverns
  3 basilisks
  A water elemental (Elf:1)
  3 vampire mosquitoes (D:14)
  3 fire elementals
  20 humans (D:13)
  10 wargs
  Menkaure (D:5)
  65 nagas
  Edmund (D:6)
  2 acid dragons
  22 water moccasins
  A soldier ant (D:10)
  9 porcupines
  3 hell hounds
  68 orc warriors
  2 hornet zombies
  7 ice beasts
  3 phantoms
  3 sky beasts
  43 wolves
  An eye of draining (D:14)
  14 centaurs
  28 ogres
  12 crocodiles
  A big kobold (D:6)
  A bullfrog (shapeshifter) (D:13)
  18 bullfrogs
  4 human zombies (Vaults:1)
  A wyvern zombie (D:8)
  An earth elemental (Elf:1)
  A gnoll sergeant (Orc:1)
  Blork the orc (D:5)
  3 scorpions
  9 killer bees
  5 wights (D:9)
  A howler monkey (D:4)
  5 centaur zombies
  7 crimson imps
  5 bullfrog zombies
  9 hounds
  2 quasits
  4 jellies
  43 orc priests
  28 orc wizards
  4 bullfrog skeletons
  6 centaur skeletons
  3 iguanas
  14 worker ants
  A killer bee zombie (D:10)
  A hound skeleton (D:9)
  A worker ant zombie (D:8)
  2 howler monkey skeletons
  21 gnolls
  12 adders
  3 shadow imps
  A white imp (Depths:1)
  An ooze (D:3)
  An adder skeleton (D:6)
  2 adder zombies
  5 worms
  2 dart slugs
  6 leopard geckos
  149 orcs
  4 giant cockroaches
  13 goblins
  9 hobgoblins
  2 jackals (D:9)
  2 quokkas
  2 ball pythons
  13 bats
  7 frilled lizards
  12 kobolds
  A leopard gecko zombie (D:5)
  2 quokka skeletons
  5 rats
  2 fungi
  2 plants (Lair:6)
1572 creatures vanquished.

Vanquished Creatures (others)
  A stone giant (Vaults:4)
  Nessos (D:15)
  4 centaur warriors
  A shock serpent (Snake:3)
  2 naga sharpshooters
  A deep elf archer (Orc:2)
  A deep elf mage (Elf:1)
  2 cyclopes
  A naga mage (Snake:4)
  A black mamba (Snake:4)
  9 yaktaurs
  A water elemental (Elf:1)
  An air elemental (Elf:1)
  An ogre (Vaults:3)
  6 centaurs
  An orc priest (Orc:2)
  2 orcs (Orc:2)
  3 fungi
  22 plants
61 creatures vanquished.

Grand Total: 1633 creatures vanquished

Notes
Turn   | Place    | Note
-------+----------+-------------------------------------------
     0 | D:1      | vishdafish the Formicid Hunter began the quest for the Orb.
     0 | D:1      | Reached XP level 1. HP: 16/16 MP: 1/1
    90 | D:1      | Reached XP level 2. HP: 6/22 MP: 2/2
   461 | D:1      | Reached XP level 3. HP: 22/27 MP: 3/3
   889 | D:2      | Found a white marble altar of Elyvilon.
   898 | D:2      | Reached skill level 1 in Axes
   898 | D:2      | Reached skill level 1 in Shields
   899 | D:2      | Reached skill level 1 in Armour
   899 | D:2      | Reached XP level 4. HP: 27/34 MP: 4/4
  1335 | D:2      | Noticed Sigmund
  1479 | D:2      | Reached XP level 5. HP: 39/39 MP: 5/5
  1530 | D:2      | Found a snail-covered altar of Cheibriados.
  1638 | D:3      | Noticed Duffy's ghost (amateur OpFE)
  1717 | D:3      | Killed Duffy's ghost
  1717 | D:3      | Reached XP level 6. HP: 30/47 MP: 6/6
  2289 | D:3      | Reached XP level 7. HP: 48/52 MP: 7/7
  2832 | D:2      | Killed Sigmund
  3342 | D:4      | Reached XP level 8. HP: 58/60 MP: 8/8
  3521 | D:4      | Found a basalt altar of Yredelemnul.
  3524 | D:4      | Noticed zero's ghost (novice SpEn)
  3529 | D:4      | Killed zero's ghost
  3529 | D:4      | Reached skill level 5 in Shields
  3779 | D:4      | Found an ancient bone altar of Kikubaaqudgha.
  3780 | D:4      | Found a hide-covered altar of Uskayaw.
  4045 | D:4      | Noticed Eustachio
  4081 | D:4      | Killed Eustachio
  4081 | D:4      | Reached skill level 5 in Axes
  4274 | D:5      | Entered Level 5 of the Dungeon
  4278 | D:5      | Noticed Menkaure
  4333 | D:5      | Reached XP level 9. HP: 65/66 MP: 9/9
  4695 | D:5      | Reached skill level 5 in Fighting
  4706 | D:5      | Found a staircase to the Ecumenical Temple.
  5000 | D:5      | Killed Menkaure
  5065 | Temple   | Entered the Ecumenical Temple
  5183 | Temple   | Became a worshipper of Zin the Law-Giver
  5183 | Temple   | Reached * piety under Zin
  5364 | D:5      | Reached ** piety under Zin
  5484 | D:6      | Noticed Prince Ribbit
  5488 | D:6      | Noticed Blork the orc
  5498 | D:5      | Reached skill level 1 in Invocations
  5499 | D:5      | Killed Blork the orc
  5625 | D:6      | Killed Prince Ribbit
  5756 | D:6      | Found an opulent altar of Gozag.
  5874 | D:6      | Reached skill level 5 in Armour
  5957 | D:6      | Found a shattered altar of Ashenzari.
  5957 | D:6      | Found a glowing golden altar of the Shining One.
  5961 | D:6      | Fell from the grace of Zin
  5961 | D:6      | Became a worshipper of the Shining One
  5961 | D:6      | Reached * piety under the Shining One
  6023 | D:6      | Noticed Edmund
  6031 | D:6      | Killed Edmund
  6031 | D:6      | Reached XP level 10. HP: 57/76 MP: 12/12
  6128 | D:6      | Identified the cursed +0 robe "Keithupo" {rF+ Regen+ Str+6 Stlth-} (You found it on level 6 of the Dungeon)
  6407 | D:7      | Found Ythuef's Distillery.
  6432 | D:7      | Found Seushrin's Jewellery Emporium.
  6435 | D:7      | Found Xanol's Distillery.
  6477 | D:7      | Bought a potion of heal wounds for 60 gold pieces
  6477 | D:7      | Bought a potion of heal wounds for 60 gold pieces
  6477 | D:7      | Bought a potion of might for 48 gold pieces
  6705 | D:7      | Reached skill level 5 in Dodging
  6810 | D:7      | Found Cushreff's Armour Emporium.
  6810 | D:7      | You fall through a shaft for 2 floors!
  6887 | D:8      | Noticed a two-headed ogre
  6896 | D:8      | Killed a two-headed ogre
  6896 | D:8      | Reached skill level 5 in Invocations
  7040 | D:8      | Found a burning altar of Makhleb.
  7063 | D:8      | Gained mutation: You occasionally shout uncontrollably at your foes. [potion of mutation]
  7063 | D:8      | Gained mutation: You are clumsy. (Dex -2) [potion of mutation]
  7063 | D:8      | Gained mutation: You are dopey. (Int -2) [potion of mutation]
  7063 | D:8      | Gained mutation: You are partially covered in icy blue scales. (AC +2) [potion of mutation]
  7064 | D:8      | Lost mutation: You are clumsy. (Dex -2) [potion of mutation]
  7064 | D:8      | Lost mutation: You are partially covered in icy blue scales. (AC +2) [potion of mutation]
  7064 | D:8      | Gained mutation: You are somewhat resistant to further mutation. [potion of mutation]
  7064 | D:8      | Gained mutation: You are agile. (Dex +2) [potion of mutation]
  7104 | D:8      | Reached ** piety under the Shining One
  7107 | D:8      | Noticed vishdafish's ghost (novice TrHu)
  7129 | D:8      | Killed vishdafish's ghost
  7327 | D:8      | Found Efruhoip's Distillery.
  7330 | D:8      | Bought a potion of might for 56 gold pieces
  7361 | D:8      | Found a runed door.
  7608 | D:8      | Found a glowing silver altar of Zin.
  7636 | D:8      | Found a white marble altar of Elyvilon.
  7647 | D:8      | Found a shadowy altar of Dithmenos.
  7667 | D:8      | Reached XP level 11. HP: 63/83 MP: 15/15
  7767 | D:8      | Found a stormy altar of Qazlal.
  7779 | D:8      | Found a snail-covered altar of Cheibriados.
  7900 | D:8      | Found a sparkling altar of Nemelex Xobeh.
  7953 | D:8      | Noticed a manticore
  7969 | D:8      | Killed a manticore
  8033 | D:8      | Noticed a flayed ghost
  8044 | D:8      | Killed a flayed ghost
  8541 | D:8      | Found an iron altar of Okawaru.
  8763 | D:9      | Reached *** piety under the Shining One
  9377 | D:10     | Entered Level 10 of the Dungeon
  9899 | D:10     | Reached **** piety under the Shining One
 10382 | D:10     | Found a staircase to the Orcish Mines.
 10719 | D:10     | Reached skill level 10 in Axes
 10722 | D:10     | Reached XP level 12. HP: 45/93 MP: 17/17
 10926 | D:10     | Noticed Josephine
 10934 | D:10     | Noticed a two-headed ogre
 10936 | D:10     | Killed Josephine
 10956 | D:10     | Killed a two-headed ogre
 11109 | D:11     | Noticed a two-headed ogre
 11127 | D:10     | Killed a two-headed ogre
 12323 | D:11     | Found a staircase to the Lair.
 12898 | Orc:1    | Entered Level 1 of the Orcish Mines
 13024 | Orc:2    | Entered Level 2 of the Orcish Mines
 13024 | Orc:2    | Noticed Azrael
 13148 | D:10     | Reached skill level 10 in Shields
 13303 | Orc:1    | Reached XP level 13. HP: 101/101 MP: 18/18
 13468 | Orc:1    | Reached ***** piety under the Shining One
 14632 | Lair:1   | Entered Level 1 of the Lair of Beasts
 14657 | Lair:1   | Noticed Tovarisch's ghost (journeyman GnTm)
 14665 | Lair:1   | Killed Tovarisch's ghost
 15988 | Lair:2   | Found a staircase to the Shoals.
 16149 | Lair:2   | Identified the +8 battleaxe of vishdafish's Woe {elec, rElec rPois Dex+5} (You found it on level 2 of the Lair of Beasts)
 16758 | Lair:3   | Reached skill level 15 in Shields
 16762 | Lair:3   | HP: 4/101 [spiny frog (20)]
 16766 | Lair:3   | Reached XP level 14. HP: 5/108 MP: 19/19
 17649 | Lair:4   | Found a staircase to the Snake Pit.
 18249 | Lair:5   | Reached skill level 5 in Crossbows
 19138 | Lair:6   | Entered Level 6 of the Lair of Beasts
 19926 | Lair:4   | Lost mutation: You are agile. (Dex +2) [potion of mutation]
 19926 | Lair:4   | Lost mutation: You occasionally shout uncontrollably at your foes. [potion of mutation]
 19926 | Lair:4   | Lost mutation: You are dopey. (Int -2) [potion of mutation]
 19926 | Lair:4   | Lost mutation: You are somewhat resistant to further mutation. [potion of mutation]
 19926 | Lair:4   | Gained mutation: Your mind is acute. (Int +2) [potion of mutation]
 19926 | Lair:4   | Gained mutation: Your natural rate of healing is unusually fast. [potion of mutation]
 20008 | Lair:4   | Reached ****** piety under the Shining One
 20019 | Lair:4   | Reached skill level 10 in Fighting
 20521 | D:12     | Reached XP level 15. HP: 116/116 MP: 20/20
 20883 | D:12     | Noticed namelastname112's ghost (journeyman DrWn)
 20891 | D:12     | Killed namelastname112's ghost
 20900 | D:12     | Found a portal to a secret trove of treasure.
 22007 | D:13     | Found a gate to the Vaults.
 22202 | D:13     | Found Fusiuly's Serpentskin Sales.
 22213 | D:13     | Reached skill level 10 in Crossbows
 22529 | D:14     | Identified the +5 ring mail of the Mind {rF+++ Int+7 Dex-3} (You found it on level 14 of the Dungeon)
 22873 | D:14     | Found an iron altar of Okawaru.
 23877 | D:15     | Entered Level 15 of the Dungeon
 23895 | D:15     | Noticed Kirke
 23910 | D:14     | Noticed Duffy's ghost (journeyman FoWn)
 23986 | D:14     | Killed Duffy's ghost
 24046 | D:15     | Reached XP level 16. HP: 126/126 MP: 21/21
 24091 | D:15     | Found a staircase to the Depths.
 24092 | D:15     | Noticed a fire giant
 24131 | D:15     | Killed a fire giant
 24164 | D:15     | Noticed Nessos
 24170 | D:15     | Killed Nessos
 24319 | D:15     | Killed Kirke
 24518 | D:15     | Found a shattered altar of Ashenzari.
 24776 | D:15     | Noticed Sonja
 24779 | D:15     | Killed Sonja
 25085 | Orc:2    | Killed Azrael
 25184 | Orc:2    | Found a deep blue altar of Sif Muna.
 25203 | Orc:2    | Found a staircase to the Elven Halls.
 25351 | Orc:2    | Found a roughly hewn altar of Beogh.
 25491 | Orc:2    | Noticed Snorg
 25514 | Orc:2    | Killed Snorg
 25734 | Orc:2    | Reached skill level 10 in Armour
 25953 | Orc:2    | Found Kicod's Assorted Antiques.
 25956 | Orc:2    | Found Helexzur's Distillery.
 25957 | Orc:2    | Found Ydul's Armour Emporium.
 25958 | Orc:2    | Found Muche's Weapon Shoppe.
 25964 | Orc:2    | Bought a potion of heal wounds for 90 gold pieces
 25964 | Orc:2    | Bought a potion of heal wounds for 90 gold pieces
 25964 | Orc:2    | Bought a potion of resistance for 180 gold pieces
 25968 | Orc:2    | Bought a +1 battleaxe of flaming for 299 gold pieces
 25970 | Orc:2    | Bought a scroll labeled YTHITHR OMPUEH for 29 gold pieces
 25970 | Orc:2    | Bought 2 potions of heal wounds for 290 gold pieces
 26377 | Lair:6   | Reached XP level 17. HP: 131/131 MP: 22/22
 26423 | Lair:6   | Identified the cursed +0 buckler of Disappointment {*Corrode rC+ Dex+4 Stlth+} (You found it on level 6 of the Lair of Beasts)
 26655 | Lair:6   | Got a faintly glowing bronze ring
 26694 | Lair:6   | Got a shimmering leather armour
 26850 | Lair:6   | Identified the ring of the Secret Wishes {rPois rC+ rN+ EV+3 Stlth-} (You found it on level 6 of the Lair of Beasts)
 27018 | Lair:6   | Found a viscous altar of Jiyva.
 27019 | Lair:6   | Found a staircase to the Slime Pits.
 27149 | Lair:6   | Identified the +3 leather armour of Makhleb's Delight {rC++ rCorr} (You found it on level 6 of the Lair of Beasts)
 27424 | Depths:1 | Entered Level 1 of the Depths
 27438 | Depths:1 | Found a gateway to Hell.
 27538 | Depths:1 | Noticed Asterion
 27803 | Snake:1  | Entered Level 1 of the Snake Pit
 27946 | Snake:1  | Found a runed gate.
 27946 | Snake:1  | Found a runed gate.
 27946 | Snake:1  | Found a runed gate.
 27989 | Snake:1  | Reached skill level 10 in Dodging
 28163 | Snake:1  | Identified a scroll of acquirement
 28337 | Snake:1  | Got a transparent ivory amulet
 28984 | Snake:2  | Reached skill level 15 in Crossbows
 29033 | Snake:2  | Identified the amulet of Fuckiw {Gourm rC+ Int+2 Slay+2} (You found it on level 1 of the Snake Pit)
 29194 | Snake:2  | Reached XP level 18. HP: 115/138 MP: 23/23
 29261 | Snake:2  | Got a vibrating steel ring
 29926 | Snake:2  | Learned a level 4 spell: Summon Lightning Spire
 30405 | Snake:3  | Noticed Nikola
 30418 | Snake:3  | Killed Nikola
 31322 | Snake:4  | Entered Level 4 of the Snake Pit
 31785 | Snake:4  | Reached XP level 19. HP: 146/146 MP: 24/24
 32707 | Snake:4  | Got a serpentine rune of Zot
 32783 | Snake:4  | Identified the ring "Wogeiss" {MR+ Str+6} (You took it off a naga mage on level 2 of the Snake Pit)
 33086 | Elf:1    | Entered Level 1 of the Elven Halls
 33213 | Elf:1    | Gained mutation: You are frail. (-10% HP) [a neqoxec]
 33575 | Elf:1    | Found a shimmering altar of Xom.
 33834 | Elf:1    | Noticed a Brimstone Fiend
 33839 | Orc:2    | Reached skill level 15 in Axes
 33904 | Elf:1    | Gained mutation: Your body sometimes deteriorates upon taking damage. [a neqoxec]
 34024 | Elf:1    | Cast into level 2 of the Abyss (a deep elf demonologist)
 34198 | Elf:1    | Escaped the Abyss
 34495 | Vaults:1 | Entered Level 1 of the Vaults
 34538 | Vaults:1 | Found a basalt altar of Yredelemnul.
 34606 | Vaults:1 | Noticed Saint Roka
 34725 | Vaults:1 | Killed Saint Roka
 34725 | Vaults:1 | Reached skill level 1 in Spellcasting
 34725 | Vaults:1 | Reached skill level 1 in Summonings
 34725 | Vaults:1 | Reached XP level 20. HP: 107/140 MP: 18/25
 35585 | Vaults:1 | Lost mutation: You are frail. (-10% HP) [potion of mutation]
 35585 | Vaults:1 | Lost mutation: Your mind is acute. (Int +2) [potion of mutation]
 35585 | Vaults:1 | Gained mutation: You have sharp toenails. [potion of mutation]
 35585 | Vaults:1 | Gained mutation: You are agile. (Dex +2) [potion of mutation]
 35585 | Vaults:1 | Gained mutation: You are resistant to hostile enchantments. (MR+) [potion of mutation]
 35933 | Vaults:2 | Reached skill level 10 in Invocations
 36085 | Vaults:2 | Found Josi's Gadget Shoppe.
 36486 | Vaults:2 | Reached skill level 5 in Spellcasting
 36492 | Vaults:2 | Reached skill level 5 in Summonings
 36515 | Vaults:2 | You fall through a shaft!
 36554 | Vaults:3 | Reached XP level 21. HP: 77/162 MP: 29/29
 36717 | Vaults:3 | Noticed Bai Suzhen
 36732 | Vaults:3 | Killed Bai Suzhen
 36871 | Vaults:3 | Found a ruined gateway.
 36912 | Desolati | Entered the Desolation of Salt
 37823 | Desolati | Identified the Volume of Moulding
 37847 | Desolati | Got a fine ring mail
 37853 | Desolati | Identified the +4 ring mail "Boestuq" {rPois rC+ Str-3} (You found it in the Desolation of Salt)
 38089 | Desolati | Got a spiked plate armour
 38100 | Desolati | Identified the +3 plate armour of Fun and Games {rC- rN+ Int+5} (You found it in the Desolation of Salt)
 38117 | Desolati | Identified Sif Muna's Compendium of Conjuration
 38615 | Desolati | Got a slimy silver ring
 38617 | Desolati | Identified the ring "Jollucs" {Fire Int+6} (You found it in the Desolation of Salt)
 38629 | Desolati | Identified Ynnostra's Grimoire of Execration
 38635 | Desolati | Learned a level 3 spell: Portal Projectile
 38894 | Vaults:3 | Reached skill level 1 in Hexes
 38895 | Vaults:3 | Reached skill level 1 in Translocations
 39445 | Vaults:3 | Found a staircase to the Crypt.
 39726 | Vaults:4 | Reached skill level 5 in Hexes
 39897 | Vaults:4 | Reached XP level 22. HP: 137/169 MP: 32/32
 40322 | Vaults:4 | Reached skill level 5 in Translocations
 41298 | Depths:1 | Killed Asterion
 41671 | Depths:1 | Reached skill level 10 in Hexes
 42072 | Depths:1 | Noticed Sojobo
 42113 | Depths:1 | Killed from afar by Sojobo

Vault maps used:
D:1:      eino_arrival_tree_alley, minmay_hedge_maze
D:2:      cheibriados_altar_1, old_standard_altar, first_ration, uniq_sigmund
D:4:      gammafunk_temple_overflow_pools, overflow_temple_1_default,
          uniq_eustachio
D:5:      minmay_temple_entry_mist, uniq_menkaure
D:6:      gammafunk_temple_overflow_wave, grunt_gozag_breadcrumbs, uniq_edmund,
          uniq_prince_ribbit1, uniq_blork_the_orc
D:7:      serial_shops, shop, shop, shop, shop
D:8:      due_megacathedral, okawaru_altar_gauntlet_db, basic_altar,
          serial_shops, kennysheep_mini
D:10:     david_orc_1_choice, the_bakery, uniq_josephine
D:11:     erik_lair_orcish_takeover
D:12:     trove_entry_hex_spiral
D:13:     grunt_vaults_entry_tiered, guppyfry_shop_venom
D:14:     evilmike_iron_armoury, hangedman_decor_points, minivault_16,
          grunt_ministairs_1
D:15:     grunt_enter_depths_giant_problem, evilmike_ruin_ashenzari, uniq_kirke,
          uniq_nessos, uniq_sonja
Temple:   nicolae_temple_great_sept
Lair:1:   beast_lair_carwin_7
Lair:2:   shoals_dummy_entry, grunt_megastairs_2
Lair:3:   grunt_forest_large_clearings
Lair:4:   minmay_snake_entry_guardpost_small
Lair:5:   statuecave_lemuel
Lair:6:   gammafunk_lair_ancient_temple, dpeg_slime_entry_enclosed_altar,
          grunt_megastairs_5
Snake:1:  grunt_ministairs_1, spider_trap, nicolae_snake_horde_hoard,
          lemuel_fruit_tree
Snake:2:  grunt_megastairs_4
Snake:3:  uniq_nikola
Snake:4:  minmay_snake_end_coiled, st_stairs_8
Orc:2:    st_orc_pillars, basic_altar, led_sif_book, uniq_snorg, uniq_azrael
Elf:1:    minmay_elf_arrival_circle, basic_altar, minmay_elf_demonology
Vaults:1: nicolae_vaults_fighting_squares, vaults_dpeg_cross,
          vaults_room_semicircle, hangedman_vaults_nodes, vaults_room_door_ring,
          ontoclasm_vaults_hangar, v_misc_28, nicolae_vaults_little_squares_5,
          vaults_room_door_hall, v_misc_15, basic_altar, uniq_saint_roka
Vaults:2: nicolae_vaults_specimen_jars, st_greater_box_3,
          vaults_mumra_chevron_long, grunt_vaults_diagonal,
          vaults_room_stairs_pillars, hangedman_vaults_maws, v_rooms_5,
          vaults_room_hallway, vaults_room_fours, ontoclasm_vaults_fault,
          v_misc_14, serial_shops, nicolae_shop_stone
Vaults:3: vaults_standard_mumra_lines, minmay_crypt_entry_simple_round,
          v_alt_pattern_2, vaults_room_fancy_cross, vaults_mumra_hex,
          vaults_room_door_ring, portal_desolation_entry_twin_temple,
          uniq_bai_suzhen
Vaults:4: vaults_dpeg_diagonal, ontoclasm_vaults_tryst,
          nicolae_vaults_sealed_display, vaults_room_fancy_cross,
          ontoclasm_vaults_ring_small, hangedman_vaults_impose, v_misc_12,
          hangedman_vaults_nails, vaults_dpeg_spiral,
          nicolae_vaults_little_squares_4, vaults_room_grunt_arrival_checkpoint,
          serial_ice_g, nicolae_vaults_windows_and_doors_thing, st_lattice
Depths:1: hangedman_coc_ice_floe, roderic_roman_lattice,
          kennysheep_generic_room_5, uniq_asterion, uniq_sojobo
Abyss:2:  minivault_25

Skill      XL: |  1  2  3  4  5  6  7  8  9 10 11 12 13 14 15 16 17 18 19 20 21 22 |
---------------+-------------------------------------------------------------------+-----
Axes           | 1 2 3 4 5 6 8 10 11 12 13 15 | 15.5
Dodging        | 2 3 4 5 6 7 9 10 11 12 13 14 | 14.0
Shields        | 1 2 3 4 6 7 10 15 16 | 16.0
Armour         | 1 2 3 4 5 6 7 8 10 11 | 11.0
Fighting       | 3 4 5 6 8 9 10 11 12 13 | 13.1
Invocations    | 3 6 7 11 13 | 13.1
Crossbows      | 8 11 13 15 16 | 16.3
Spellcasting   | 1 5 7 |  7.0
Summonings     | 1 5 6 |  6.6
Hexes          | 5 10 | 10.7
Translocations | 4 8 |  8.3
Short Blades   | |  0.6
Stealth        | |  1.2

Action                   |  1- 3 |  4- 6 |  7- 9 | 10-12 | 13-15 | 16-18 | 19-21 | 22-24 || total
-------------------------+-------+-------+-------+-------+-------+-------+-------+-------++-------
Melee: Short sword       |    20 |       |       |       |       |       |       |       ||    20
       Hand axe          |    25 |    37 |    50 |       |       |       |       |       ||   112
       War axe           |       |       |   107 |   494 |   185 |       |       |       ||   786
       Battleaxe         |       |       |       |       |   463 |   833 |   798 |   293 ||  2387
       Unarmed           |       |       |       |       |     9 |       |       |       ||     9
 Fire: Hand crossbow     |    24 |    29 |    85 |    63 |    22 |       |       |       ||   223
       Arbalest          |       |       |       |       |    21 |    11 |   245 |       ||   277
Throw: Throwing net      |       |       |       |       |     1 |       |       |       ||     1
Invok: Divine Shield     |       |       |       |     2 |       |       |     1 |       ||     3
       Cleansing Flame   |       |       |       |     1 |       |       |     5 |       ||     6
       Summon Divine War |       |       |       |       |       |       |     1 |     1 ||     2
 Abil: Dig               |       |       |       |       |    12 |    11 |     4 |       ||    27
       Shaft Self        |       |       |       |       |       |       |     1 |       ||     1
Evoke: Wand              |       |       |       |     6 |     1 |       |       |     1 ||     8
  Use: Scroll            |       |     7 |     2 |    16 |    11 |     6 |     3 |     3 ||    48
       Potion            |       |       |     4 |     8 |     8 |     2 |     4 |     4 ||    30
 Stab: Sleeping          |     1 |     1 |       |       |       |       |       |       ||     2
  Eat: Chunk             |       |     4 |     8 |    18 |    33 |    16 |    14 |     8 ||   101
       Ration            |       |       |     1 |     2 |     1 |     3 |     4 |       ||    11
Armor: Leather armour    |    15 |     7 |     4 |       |       |       |       |       ||    26
       Skin              |       |       |    17 |    22 |       |       |       |       ||    39
       Ring mail         |       |       |    44 |    96 |     9 |   141 |   135 |       ||   425
       Scale mail        |       |       |       |    55 |   116 |       |       |       ||   171
       Plate armour      |       |       |       |       |       |       |    26 |    72 ||    98
Dodge: Dodged            |    28 |    29 |   107 |   309 |   218 |   290 |   357 |   123 ||  1461
Block: Other             |       |       |    14 |    28 |       |       |       |       ||    42
       Buckler           |       |       |       |    79 |       |       |       |       ||    79
       Reflection        |       |       |       |     3 |    40 |   116 |   145 |    16 ||   320
       Large shield      |       |       |       |     2 |   627 |   863 |   865 |   329 ||  2686

Table legend:
 A = Spawn XP
 B = Non-spawn XP
 C = Spawn XP percentage of total XP
 D = Spawn monster count
 E = Non-spawn monster count
 F = Spawn count percentage of total count
 G = Total turns spent on level
                    A         B        C        D         E        F      G
               +---------+---------+-------+---------+---------+-------+---------
         Total |   13008 |  563926 |   2.3 |      20 |    1578 |   1.3 | 42113
               +---------+---------+-------+---------+---------+-------+---------
           D:1 |       0 |      37 |   0.0 |       0 |      23 |   0.0 |  1121
           D:2 |       0 |     342 |   0.0 |       0 |      23 |   0.0 |  1027
           D:3 |       0 |     429 |   0.0 |       0 |      24 |   0.0 |   804
           D:4 |       0 |    1000 |   0.0 |       0 |      31 |   0.0 |  1836
           D:5 |       0 |    1114 |   0.0 |       0 |      30 |   0.0 |   690
           D:6 |       0 |    1272 |   0.0 |       0 |      33 |   0.0 |   802
           D:7 |       0 |     629 |   0.0 |       0 |      16 |   0.0 |   403
           D:8 |       0 |    5512 |   0.0 |       0 |      45 |   0.0 |  1890
           D:9 |       0 |    1799 |   0.0 |       0 |      31 |   0.0 |  1047
          D:10 |       0 |    9090 |   0.0 |       0 |      57 |   0.0 |  2862
          D:11 |       0 |    5980 |   0.0 |       0 |      56 |   0.0 |  1699
          D:12 |       0 |    2490 |   0.0 |       0 |      15 |   0.0 |  1265
          D:13 |       0 |   17279 |   0.0 |       0 |      83 |   0.0 |   962
          D:14 |       0 |   16021 |   0.0 |       0 |      44 |   0.0 |  1644
          D:15 |       0 |   20194 |   0.0 |       0 |      55 |   0.0 |  1131
        Lair:1 |       0 |    4340 |   0.0 |       0 |      19 |   0.0 |   978
        Lair:2 |       0 |    2300 |   0.0 |       0 |      13 |   0.0 |  1426
        Lair:3 |       0 |    7502 |   0.0 |       0 |      52 |   0.0 |   753
        Lair:4 |       0 |   14632 |   0.0 |       0 |      40 |   0.0 |   916
        Lair:5 |       0 |   11761 |   0.0 |       0 |      41 |   0.0 |  1930
        Lair:6 |       0 |   21768 |   0.0 |       0 |      58 |   0.0 |   914
       Snake:1 |       0 |   24924 |   0.0 |       0 |      49 |   0.0 |  1078
       Snake:2 |       0 |   19383 |   0.0 |       0 |      37 |   0.0 |  1095
       Snake:3 |       0 |   25573 |   0.0 |       0 |      40 |   0.0 |  1527
       Snake:4 |       0 |   46799 |   0.0 |       0 |      86 |   0.0 |  1402
         Orc:1 |       0 |    4980 |   0.0 |       0 |      34 |   0.0 |   968
         Orc:2 |       0 |   28119 |   0.0 |       0 |     122 |   0.0 |  1566
         Elf:1 |       0 |   15536 |   0.0 |       0 |      28 |   0.0 |   452
      Vaults:1 |       0 |   42208 |   0.0 |       0 |      84 |   0.0 |  1399
      Vaults:2 |       0 |   40402 |   0.0 |       0 |      58 |   0.0 |   636
      Vaults:3 |       0 |   35431 |   0.0 |       0 |      42 |   0.0 |  1315
      Vaults:4 |       0 |   55956 |   0.0 |       0 |      91 |   0.0 |  1359
      Depths:1 |       0 |   35966 |   0.0 |       0 |      38 |   0.0 |  1015
       Abyss:2 |   13008 |       0 | 100.0 |      20 |       0 | 100.0 |   174
    Desolation |       0 |   43158 |   0.0 |       0 |      80 |   0.0 |  1900
               +---------+---------+-------+---------+---------+-------+---------
